 Dungeon Crawl Stone Soup version 0.31.0-11-ge490571c62 (webtiles) character file.

Game seed: 3316092684579258676

36 browni3141 the Slasher (level 3, -1/29 HPs)
             Began as a Barachi Monk on Feb 2, 2024.
             Slain by a gnoll
             ... wielding a +0 halberd
              (5 damage)
             ... on level 3 of the Dungeon.
             The game lasted 00:02:37 (431 turns).

browni3141 the Slasher (Barachi Monk)                Turns: 431, Time: 00:02:37

Health: -1/29      AC:  9    Str: 12    XL:     3   Next: 37%
Magic:  7/7        EV:  6    Int: 15    God:
Gold:   70         SH:  0    Dex: 14    Spells: 7/7 levels left

rFire   . . .        e - +2 dagger (flame)
rCold   . . .        d - orb {light}
rNeg    . . .        i - +0 chain mail
rPois   .            g - +1 hat {Int+3}
rElec   .            (no cloak)
rCorr   .            (no gloves)
SInv    .            (no boots)
Will    .....        (no amulet) Stlth
                     (no ring)
HPRegen 0.24/turn    (no ring)
MPRegen 0.10/turn

%: no passive effects
@: glowing, slow
A: amphibious, slowness 1, strong legs 1, +LOS
a: Hop


You were on level 3 of the Dungeon.
You visited 1 branch of the dungeon, and saw 3 of its levels.

You collected 70 gold pieces.

Inventory:

Hand Weapons
 a - a +0 falchion
 e - a +2 dagger of flaming (weapon)
 p - a +2 short sword of holy wrath
Armour
 b - a +0 robe
 d - an orb of light (worn)
 g - a +1 hat of intelligence (worn)
 i - a +0 chain mail (worn)
 o - a +0 kite shield
Jewellery
 f - a ring of positive energy
Scrolls
 h - 2 scrolls of identify {unknown}
 j - 2 scrolls of teleportation {unknown}
 k - 2 scrolls of amnesia {unknown}
 m - a scroll of noise {unknown}
 n - a scroll of fog {unknown}
Potions
 c - a potion of ambrosia
 l - a potion of might {unknown}


   Skills:
 - Level 3.6 Fighting
 - Level 3.6 Long Blades
 - Level 3.2 Dodging
 * Level 2.9 Spellcasting


You had 7 spell levels left.
You didn't know any spells.
Your spell library was empty.

Dungeon Overview and Level Annotations

Branches:
Dungeon (3/15)

Altars:

Annotations:
D:3 Terence


Innate Abilities, Weirdness & Mutations

You are amphibious.
You cover ground slowly.
You can hop short distances.
You have an extended range of vision and can be seen from far away.


Message History

Increase (S)trength, (I)ntelligence, or (D)exterity?
You feel clever. x2
Hop to where?
Press: ? - help, Dir - move target Boing!
Found a scroll labelled LUC YQUGEU.
Found a stone staircase leading down.
A ribbon worm comes into view.
The ribbon worm expels a string of sticky webbing.
The stream of webbing hits you but does no damage.
You are caught in a web!
There is a web here.
The web tears apart.
An endoplasm comes into view.
The endoplasm quivers.
The ribbon worm bites you but does no damage.
You hit the ribbon worm. You burn the ribbon worm.
The ribbon worm is moderately wounded.
You hit the ribbon worm. You burn the ribbon worm.
The ribbon worm is heavily wounded.
The ribbon worm bites you.
You hit the ribbon worm but do no damage.
The ribbon worm is heavily wounded.
The ribbon worm expels a string of sticky webbing.
The stream of webbing misses you.
You hit the ribbon worm. You burn the ribbon worm.
The ribbon worm is heavily wounded.
You hit the ribbon worm. You burn the ribbon worm.
The ribbon worm is severely wounded.
The ribbon worm bites you but does no damage.
You hit the ribbon worm. You burn the ribbon worm.
The ribbon worm is almost dead.
The endoplasm jiggles.
The ribbon worm bites you.
You hit the ribbon worm. You burn the ribbon worm.
You kill the ribbon worm!
You hit the endoplasm. You burn the endoplasm.
You kill the endoplasm!
Found an escape hatch in the floor.
A bat comes into view.
You see here a scroll labelled LUC YQUGEU.
n - a scroll labelled LUC YQUGEU An endoplasm comes into view.
The bat hits you but does no damage.
You hit the bat. You burn the bat.
You kill the bat!
You see here a +0 kite shield.
The endoplasm freezes you.
You are frozen.
You hit the endoplasm. You burn the endoplasm.
The endoplasm is moderately wounded.
The endoplasm freezes you.
You are frozen.
You hit the endoplasm. You burn the endoplasm.
You kill the endoplasm!
No target in view!
You see here a +0 kite shield.
o - a +0 kite shield
There is a stone staircase leading down here.
You climb downwards.
The kobold shouts!
There is a stone staircase leading up here.
You hit the kobold. You burn the kobold.
You kill the kobold!
You see here a +2 short sword of holy wrath.
p - a +2 short sword of holy wrath A hobgoblin comes into view.
The hobgoblin hits you.
You hit the hobgoblin but do no damage.
The hobgoblin hits you but does no damage.
You hit the hobgoblin. You burn the hobgoblin.
The hobgoblin is heavily wounded.
The hobgoblin hits you.
You hit the hobgoblin. You burn the hobgoblin.
The hobgoblin is almost dead.
You are ready to hop once more.
The hobgoblin hits you but does no damage.
You hit the hobgoblin. You burn the hobgoblin.
You kill the hobgoblin!
A goblin comes into view. It is wielding a +0 club.
The goblin moves out of view.
You see here a hobgoblin corpse.
A gnoll comes into view.
It is wielding a +0 spear. 3 gnolls come into view.
The gnoll shouts! x2
An endoplasm comes into view.
You see here a hobgoblin corpse.
The endoplasm quivers.
You hit the goblin. You burn the goblin.
You kill the goblin!
Terence the Incautious comes into view.
He is wielding a +0 short sword.
The gnoll attacks as it pursues you! The gnoll hits you but does no damage.
The gnoll attacks as it pursues you!
The gnoll hits you from afar with a +0 spear.
The gnoll attacks as it pursues you!
The gnoll hits you from afar with a +0 spear. x2
There is a stone staircase leading up here.
The gnoll hits you with a +0 halberd! The gnoll hits you but does no damage.
There is a stone staircase leading up here.
The gnoll hits you with a +0 halberd.
You die... #.# gg.

#.# .#. #.# ...
########.######## ## .#.
............#...###.# ...
#Jg..g....# #.#.#.
#g##.#.J..####..J.
#g##.##...g.†)...#
#@##.##...####...#
########.##.##..#........
.........##.##...########
###########.##..##
#.##..# #...... ##...
#.##. #.


You could see 3 gnolls and an endoplasm.

Vanquished Creatures
  An adder (D:2)
  2 dart slugs (D:2)
  A ribbon worm (D:2)
  3 endoplasms
  A giant cockroach (D:2)
  A goblin (D:3)
  4 hobgoblins
  2 kobolds
  A quokka (D:1)
  A ball python (D:2)
  A bat (D:2)
  A frilled lizard (D:1)
19 creatures vanquished.

Notes
Turn   | Place    | Note
-------+----------+-------------------------------------------
     0 | D:1      | browni3141 the Barachi Monk began the quest for the Orb.
     0 | D:1      | Reached XP level 1. HP: 18/18 MP: 1/1
   133 | D:1      | Reached skill level 1 in Spellcasting
   139 | D:1      | Reached XP level 2. HP: 23/24 MP: 2/4
   142 | D:1      | Found a faded altar of an unknown god.
   351 | D:2      | Reached XP level 3. HP: 23/29 MP: 6/6
   413 | D:3      | Noticed Terence
   431 | D:3      | Slain by a gnoll

Illustrated notes

Levels and vault maps discovered:
D:1:      dpeg_arrival_circle_labyrinth_b, layout_basic,
          hellmonk_ecumenical_altar_arch_garden, minivault_4,
          minmay_tromino_v4_a
D:2:      layout_loops_ring
D:3:      layout_loops_ring, serial_glass, glass_columns_b, glass_columns_b,
          serial_shops, shop, minmay_misc_feat_pillars, st_stairs_10,
          minmay_shallow_snake_nest, uniq_terence, uniq_grinder

Skill      XL: |  1  2 |
---------------+-------+-----
Spellcasting   | 1 2 |  2.9
Fighting       | |  3.6
Long Blades    | |  3.6
Dodging        | |  3.2

Action                     || total
---------------------------++-------
  Melee: Dagger            ||    44
         Falchion          ||     3
Ability: Hop               ||     2
 Armour: Robe              ||     4
         Chain mail        ||    32
  Dodge: Dodged            ||     7
